AoeStats
← Gpa

Nomad

510139229Analyzed
2v2 RM · 3d ago on Sep 29, 2026· 17m 49s· 4 players
Game mode
Random Map
Map size
176×176
Population
200
Speed
Normal
Resources
Standard
Victory
Conquest
Starting age
Dark Age
Ending age
Imperial Age
RankedLock teamsTeams togetherTeam positionsShared explorationLock speedFull tech treeHidden civsTurbo modeCheats
Victory
Defeat
🇨🇳 Mongols · China
1271
+15
🇨🇳 Persians · China
1264
+15
🇫🇷 Malians · France
1248
-15
🇫🇷 Varangians · France
1247
-15
coco le bonobo
4:51 Loom
15:32 Feudal Age
17:25 Double-Bit Axe
Gpa
12:57 Feudal Age
13:53 Double-Bit Axe
20:14 Castle Age
是关中王来了
4:47 Loom
12:41 Feudal Age
14:19 Arson
13:59 Man-at-Arms
16:02 Fishing Lines
17:14 Horse Collar
禾白小彡
14:19 Feudal Age
14:39 Fishing Lines
16:16 Loom
16:28 Double-Bit Axe
19:05 Castle Age
Connection lost

Rejoining the realm…

Still unreachable

The connection could not be restored.

Session expired

The server has moved on; the page needs a fresh start.